 Dungeon Crawl Stone Soup version 0.31-a0-210-gccc998df9b (webtiles) character file.

Game seed: 6824299157791243997

11 Moral the Digger (level 2, 0/20 HPs)
             Began as a Ghoul Earth Elementalist on June 29, 2023.
             Slain by a jackal (2 damage)
             ... on level 1 of the Dungeon.
             The game lasted 00:00:58 (222 turns).

Moral the Digger (Ghoul Earth Elementalist)          Turns: 222, Time: 00:00:59

Health: 0/20       AC:  2    Str: 11    XL:     2   Next: 25%
Magic:  1/3        EV: 12    Int: 10    God:
Gold:   0          SH:  0    Dex:  9    Spells: 3/4 levels left

rFire   . . .        (no weapon)
rCold   + . .        (no shield)
rNeg    + + +        a - +0 robe
rPois   ∞            (no helmet)
rElec   .            (no cloak)
rCorr   .            (no gloves)
SInv    .            (no boots)
Will    .....        (no amulet)
Stlth   ++           (no ring)
HPRegen 0.00/turn    (no ring)
MPRegen 0.08/turn

%: no passive effects
@: inhibited regen
A: claws 1, cold resistance 1, negative energy resistance 3, inhibited
regeneration, torment resistance 2, devour on kill
a: no special abilities


You were on level 1 of the Dungeon.
You visited 1 branch of the dungeon, and saw 1 of its levels.

Inventory:

Armour
 a - a +0 robe (worn)
Scrolls
 c - a scroll of identify {unknown}
 d - 2 scrolls of noise {unknown}
Potions
 b - a potion of magic


   Skills:
 + Level 2.0 Dodging
 + Level 2.4 Stealth
 + Level 1.9 Spellcasting
 + Level 1.1 Transmutations
 + Level 3.4 Earth Magic


You had 3 spell levels left.
You knew the following spells:

 Your Spells              Type           Power      Damage    Failure   Level
a - Sandblast             Erth           14%        2d6       8%          1

Your spell library contained the following spells:

 Spells                   Type           Power      Damage    Failure   Level
 Passwall                 Tmut/Erth      4%         N/A       19%         2
 Stone Arrow              Conj/Erth      8%         3d7       43%         3
 Petrify                  Tmut/Erth      5%         N/A       77%         4


Dungeon Overview and Level Annotations

Branches:
Dungeon (1/15)

Altars:


Innate Abilities, Weirdness & Mutations

You are immune to poison.
You have sharp fingernails.
Your flesh is cold resistant. (rC+)
You are immune to negative energy. (rN+++)
You do not regenerate when monsters are visible.
You are immune to unholy pain and torment.
You thrive by killing the living.


Message History

You are too injured to fight recklessly!
You are too injured to fight recklessly!
You are too injured to fight recklessly!
You are too injured to fight recklessly!
You are too injured to fight recklessly!
You are too injured to fight recklessly!
You are too injured to fight recklessly!
You are too injured to fight recklessly!
You are too injured to fight recklessly!
You are too injured to fight recklessly!
You are too injured to fight recklessly!
You are too injured to fight recklessly!
You are too injured to fight recklessly!
You miss the jackal.
The jackal is heavily wounded.
The jackal bites you but does no damage. x2
You scratch the jackal but do no damage.
The jackal is heavily wounded.
The jackal misses you. The jackal closely misses you. The jackal misses you. x2
Your magical contamination has completely faded away.
You closely miss the jackal.
The jackal is moderately wounded.
The jackal closely misses you. The jackal bites you.
You barely miss the jackal.
The jackal is moderately wounded.
The jackal misses you. The jackal barely misses you.
You scratch the jackal.
The jackal is heavily wounded.
The jackal bites you. The jackal misses you. The jackal bites you.
* * * LOW HITPOINT WARNING * * *
The jackal bites you.
* * * LOW HITPOINT WARNING * * *
You scratch the jackal.
You kill the jackal!
Your Dodging skill increases to level 2!
You closely miss the jackal. The jackal closely misses you.
The jackal bites you.
* * * LOW HITPOINT WARNING * * *
The jackal bites you.
You die...

#.###############..#
#..................#
#########........ #
#.####### # #.# #
#.# #.# ##### #.#
#h@.# #.# #h#.####.#
...#......#
###.######.# ## ###


You could see 2 jackals.

Vanquished Creatures
  A bat (D:1)
  2 giant cockroaches (D:1)
  2 jackals (D:1)
  A kobold (D:1)
  2 ball pythons (D:1)
  A frilled lizard (D:1)
  A rat (D:1)
10 creatures vanquished.

Notes
Turn   | Place    | Note
-------+----------+-------------------------------------------
     0 | D:1      | Moral the Ghoul Earth Elementalist began the quest for the
                  | Orb.
     0 | D:1      | Reached XP level 1. HP: 14/14 MP: 2/2
    81 | D:1      | Reached skill level 1 in Transmutations
   129 | D:1      | Found a faded altar of an unknown god.
   142 | D:1      | Reached XP level 2. HP: 20/20 MP: 1/3
   222 | D:1      | Slain by a jackal

Illustrated notes

Levels and vault maps discovered:
D:1:      tarquinn_simple_flora_water_e, layout_basic,
          ebering_ecumenical_altar_abandoned, minmay_parallelograms,
          palyth_stone_intersect

Skill      XL: |  1  2 |
---------------+-------+-----
Transmutations | 1 |  1.1
Dodging        | 2 |  2.0
Stealth        | |  2.4
Spellcasting   | |  1.9
Earth Magic    | |  3.4

Action                     || total
---------------------------++-------
  Melee: Unarmed           ||    30
   Cast: Sandblast         ||     9
 Armour: Robe              ||     8
  Dodge: Dodged            ||    33

Table legend: (Time is in decaauts)
 A = Elapsed time spent in this place.
 B = Non-inter-level travel time spent in this place.
 C = Inter-level travel time spent in this place.
 D = Time resting spent in this place.
 E = Time spent auto-exploring this place.
 F = Levels seen in this place.
 G = Mean time per level.
                   A        B        C        D        E       F      G
               +--------+--------+--------+--------+--------+-----+--------+
         Total |    226 |    226 |      0 |      0 |    156 |   1 |  226.0 |
       Dungeon |    226 |    226 |      0 |      0 |    156 |   1 |  226.0 |
               +--------+--------+--------+--------+--------+-----+--------+

Top non-repeatable levels by time:
     D:1: 226 daAuts
